 Dungeon Crawl Stone Soup version 0.27-a0-1500-g450c7e4133 (webtiles) character file.

Game seed: 18041753542365343764

117056 wesbby the Tortoise (level 16, -2/157 HPs)
             Began as a Minotaur Berserker on July 7, 2021.
             Was a High Priest of Trog.
             Slain by Arachne (3 damage)
             ... while paralysed by a hornet
             ... on level 3 of the Spider Nest.
             The game lasted 01:39:01 (38189 turns).

wesbby the Tortoise (Minotaur Berserker)           Turns: 38189, Time: 01:39:02

Health: -2/157     AC: 16    Str: 38    XL:     16   Next: 22%
Magic:  15/15      EV:  2    Int: 10    God:    Trog [*****.]
Gold:   571        SH:  0    Dex:  6    Spells: 15/15 levels left

rFire    x . .     SeeInvis +   r - +7 trident "Otteydd" {vorpal, rC++ Will+ Str+3 Dex-4}
rCold    + + +     Faith    .   E - +0 buckler of Qazlal's Scorn {rElec rPois rF- rC+}
rNeg     . . .     Spirit   .   b - +0 swamp dragon scales
rPois    +         Reflect  .   (helmet restricted)
rElec    +         Harm     .   X - scarf {repulsion}
rCorr    .         Rampage  .   p - +2 pair of gloves
Will     ++...                  (no boots)
Stlth    ..........             Z - amulet of Yshutirufa {rC- Regen+ Int+6}
HPRegen  1.36/turn              i - ring of see invisible
MPRegen  0.14/turn              Y - +6 ring of strength

@: paralysed, lethally poisoned (-2 -> -63), on berserk cooldown, slowed, repel
missiles
A: horns 2, retaliatory headbutt, cold resistance 1, MP-powered wands
a: Renounce Religion, Berserk, Trog's Hand, Brothers in Arms


You were on level 3 of the Spider Nest.
You worshipped Trog.
Trog was extremely pleased with you.
You visited 5 branches of the dungeon, and saw 25 of its levels.

You collected 3110 gold pieces.
You spent 2539 gold pieces at shops.

Inventory:

Hand Weapons
 a - a +0 spear of venom
 j - a +2 demon blade of electrocution
 q - a +5 halberd of flaming
 r - the +7 trident "Otteydd" (weapon) {vorpal, rC++ Will+ Str+3 Dex-4}
   (Trog gifted it to you on level 3 of the Lair of Beasts)

   It inflicts extra damage upon your enemies.
   Str:       It affects your strength (+3).
   Dex:       It affects your dexterity (-4).
   rC:        It greatly protects you from cold.
   Will:      It increases your willpower.
 y - a +2 antimagic trident
 F - a +8 spear
 V - a +1 demon trident of flaming
Missiles
 h - 3 silver boomerangs (quivered)
 A - 3 curare-tipped darts
 C - 51 poisoned darts
 J - 3 throwing nets
Armour
 b - +0 swamp dragon scales (worn)
 k - a +1 plate armour
 n - a scarf of resistance
 p - a +2 pair of gloves (worn)
 E - the +0 buckler of Qazlal's Scorn (worn) {rElec rPois rF- rC+}
   (You found it on level 9 of the Dungeon)

   rF:        It makes you vulnerable to fire.
   rC:        It protects you from cold.
   rElec:     It insulates you from electricity.
   rPois:     It protects you from poison.
 Q - the +1 chain mail "Domigapp" {Str+3 Int+2 Dex+3}
   (You found it on level 4 of the Lair of Beasts)

   Str:       It affects your strength (+3).
   Int:       It affects your intelligence (+2).
   Dex:       It affects your dexterity (+3).
 W - the +0 tower shield of Atheism {rElec}
   (You took it off Louise on level 14 of the Dungeon)

   rElec:     It insulates you from electricity.
 X - a scarf of repulsion (worn)
Jewellery
 i - a ring of see invisible (left hand)
 m - an amulet of faith
 w - a ring of ice
 B - a ring of willpower
 H - a ring of protection from fire
 P - a +6 ring of intelligence
 R - a ring of ice
 Y - a +6 ring of strength (right hand)
 Z - the amulet of Yshutirufa (around neck) {rC- Regen+ Int+6}
   (You bought it in a shop on level 2 of the Orcish Mines)

   [amulet of regeneration]

   Int:       It affects your intelligence (+6).
   rC:        It makes you vulnerable to cold.
   Regen:     It increases your rate of health regeneration.
Wands
 v - a wand of iceblast (6)
Scrolls
 d - 3 scrolls of noise
 f - a scroll of silence
 l - 8 scrolls of amnesia
 t - 6 scrolls of identify
 I - a scroll of vulnerability
 O - 4 scrolls of fear
 S - 2 scrolls of enchant weapon
 T - 4 scrolls of torment
 U - 2 scrolls of enchant armour
Potions
 c - 5 potions of curing
 e - 5 potions of attraction
 g - 2 potions of might
 o - a potion of degeneration
 u - 6 potions of cancellation
 z - a potion of resistance
 G - 2 potions of lignification
 K - 4 potions of ambrosia
 M - a potion of invisibility
Miscellaneous
 x - a lightning rod (4/4)


   Skills:
 * Level 17.8 Fighting
 + Level 14.8(16.5) Polearms
 * Level 13.1(15.7) Staves
 + Level 2.0 Throwing
 * Level 19.1 Armour
 + Level 6.4 Dodging
 + Level 6.5 Shields


You had 15 spell levels left.
You didn't know any spells.
Your spell library was empty.

Dungeon Overview and Level Annotations

Branches:
Dungeon (15/15)            Temple (0/1) D:4            Lair (4/6) D:11
  Swamp (1/4) Lair:4       Spider (3/4) Lair:3          Orc (2/2) D:11
    Elf (0/3) Orc:2        Vaults (0/5) D:14         Depths (0/5) D:15

Altars:
Cheibriados
Hepliaklqana
Kikubaaqudgha
Nemelex Xobeh
Okawaru
Qazlal
Ru
Vehumet
Wu Jian
Xom
Yredelemnul
The Shining One
Beogh

Shops:
D:5 [   D:6 [   D:11 (   D:13 :   Orc:1 (   Orc:2 =?=

Portals:
Trove: D:15 (show abyssal rune of Zot)

Annotations:
D:9 3 runed translucent doors, octoduck's ghost, journeyman SpEn
Swamp:1 Roxanne
Spider:1 1 runed translucent door, Sobieck's ghost, adept DsGl
Spider:3 Arachne; Mara


Innate Abilities, Weirdness & Mutations

You have a pair of horns on your head.
You reflexively headbutt those who attack you in melee.
Your flesh is cold resistant. (rC+)
You expend magic power (3 MP) to strengthen your wands.


Message History

Arachne casts a spell.
Arachne blinks!
The jumping spider leaps!
The hornet stings you. The demonic crawler hits you.
The demonic crawler hits you but does no damage. x2
The redback bites you but does no damage.
The jumping spider pounces on you but does no damage.
The jumping spider bites you but does no damage.
You see here a wolf spider corpse.
The hornet stings you.
The jumping spider leaps!
You block the demonic crawler's attack. The demonic crawler hits you. x2
There is a stone staircase leading up, spattered with blood here.
The hornet stings you.
You feel as though you will be slow longer.
The redback bites you.
You are poisoned.
The redback poisons you!
The demonic crawler hits you but does no damage.
The demonic crawler hits you! The demonic crawler closely misses you.
The hornet stings you!
You suddenly lose the ability to move!
The demonic crawler hits you but does no damage. x3
You feel extremely sick. The redback bites you.
* * * LOW HITPOINT WARNING * * *
Arachne hits you with a staff of poison!
* * * LOW HITPOINT WARNING * * *
Arachne envenoms you.
* * * LOW HITPOINT WARNING * * *
The demonic crawler hits you but does no damage.
The demonic crawler hits you!
* * * LOW HITPOINT WARNING * * *
The demonic crawler hits you.
* * * LOW HITPOINT WARNING * * *
The redback bites you.
* * * LOW HITPOINT WARNING * * *
You are more poisoned.
The redback poisons you!
Arachne hits you with a staff of poison!
* * * LOW HITPOINT WARNING * * *
Arachne envenoms you.
You die...

.. ^...#....#...
..##............
^.....^...^#....
#.....#..........
....^..^#^./..#..
.................
>....#†H.......^.
.^.....@s...#..^....#...
....:^sBs......#.#^.....
.......ys..........?...[
....#.............#.....
.#....#.....#........#..
.................$.#....
^....#.......>.........†
#....[......$......s..#.
....#..............ss.<†


You could see Arachne, a boulder beetle, a demonic crawler, a hornet, a jumping
spider and 2 redbacks.

Vanquished Creatures
  Jorgrun (Spider:1)
  Rupert (D:14)
  An orc warlord (Orc:2)
  An emperor scorpion (Spider:1)
  Louise (D:14)
  2 ghost moths (Spider:1)
  An ironbound preserver (D:14)
  3 entropy weavers
  Snorg (D:14)
  A shambling mangrove (Swamp:1)
  Fannar (D:12)
  5 hydras
  7 boulder beetles
  An ogre mage (Orc:2)
  3 centaur warriors
  3 two-headed ogres
  2 tengu warriors
  Sonja (D:13)
  Nergalle (Lair:2)
  2 spriggans (Swamp:1)
  A swamp dragon (Swamp:1)
  2 bog bodies (Swamp:1)
  A deep elf pyromancer (D:14)
  10 orb spiders
  2 manticores
  10 orc sorcerers (Orc:2)
  18 wolf spiders
  A salamander (D:15)
  3 moths of wrath
  7 cyclopes
  A moth of wrath (shapeshifter) (D:15)
  2 black mambas (Lair:2)
  14 elephants
  8 cane toads
  3 torpor snails
  An unseen horror (D:13)
  2 kobold demonologists (D:14)
  A rime drake (Lair:4)
  10 komodo dragons
  10 demonic crawlers
  2 efreet
  4 tengu conjurers
  4 meliai (D:14)
  2 polar bears
  A polar bear (shapeshifter) (D:14)
  7 trolls
  29 jumping spiders
  5 hornets
  Grinder (D:4)
  2 tyrant leeches (Swamp:1)
  16 slime creatures
  20 blink frogs
  33 redbacks
  16 tarantellas
  4 wraiths
  45 yaks
  A shadow (D:11)
  A water elemental (D:13)
  3 wyverns
  6 basilisks
  A hog (shapeshifter) (D:14)
  A steam dragon (D:9)
  7 vampire mosquitoes
  Menkaure (D:7)
  3 swamp worms (Swamp:1)
  6 wargs
  3 acid dragons
  9 water moccasins
  2 swamp drakes
  3 black bears
  An ice beast (D:6)
  16 orc warriors
  2 sky beasts (D:5)
  6 wolves (Lair:1)
  8 ogres
  11 centaurs
  4 kobold brigands
  2 scorpions
  A water moccasin zombie (D:5)
  16 bullfrogs
  17 killer bees
  6 howler monkeys
  5 wights (D:7)
  5 electric eels
  4 centaur zombies
  A jelly (D:6)
  12 orc priests
  A centaur skeleton (D:6)
  2 hounds (D:5)
  Crazy Yiuf (D:3)
  2 gnoll shamans
  A bullfrog skeleton (D:6)
  Ijyb (D:3)
  Terence (D:3)
  An iguana (D:6)
  37 orc wizards
  A spriggan simulacrum (D:11)
  A troll simulacrum (D:11)
  A killer bee zombie (D:8)
  7 gnolls
  8 adders
  A naga simulacrum (D:11)
  An ufetubus (D:6)
  2 worms
  3 dart slugs
  68 orcs
  10 endoplasms
  7 giant cockroaches
  3 hobgoblins
  6 jackals
  28 kobolds
  A quokka (D:5)
  5 ball pythons
  7 bats
  5 goblins
  3 rats (D:2)
716 creatures vanquished.

Vanquished Creatures (collateral kills)
  A queen bee (D:14)
1 creature vanquished.

Vanquished Creatures (others)
  A jumping spider (Spider:3)
  A slime creature (D:13)
  An orc (Orc:2)
  A kobold (D:9)
  17 foxfires (Swamp:1)
  33 fungi
  79 plants
133 creatures vanquished.

Grand Total: 850 creatures vanquished

Notes
Turn   | Place    | Note
-------+----------+-------------------------------------------
     0 | D:1      | wesbby the Minotaur Berserker began the quest for the Orb.
     0 | D:1      | Reached XP level 1. HP: 19/19 MP: 0/0
   149 | D:1      | Reached XP level 2. HP: 27/27 MP: 1/1
   646 | D:1      | Found a faded altar of an unknown god.
   654 | D:1      | Reached XP level 3. HP: 26/33 MP: 2/2
   661 | D:1      | Reached ** piety under Trog
   884 | D:2      | Reached skill level 3 in Armour
   894 | D:2      | Reached XP level 4. HP: 24/41 MP: 3/3
  1586 | D:2      | Found a sacrificial altar of Ru.
  1654 | D:2      | Reached skill level 5 in Fighting
  1784 | D:3      | Found a runed translucent door.
  1785 | D:3      | Noticed Crazy Yiuf
  1801 | D:3      | Noticed Terence
  1807 | D:3      | Killed Terence
  1808 | D:3      | Reached skill level 1 in Staves
  2024 | D:3      | Noticed Ijyb
  2037 | D:3      | Killed Ijyb
  2038 | D:3      | Reached XP level 5. HP: 48/48 MP: 4/4
  2113 | D:3      | Found a large runed translucent door.
  2114 | D:3      | Found a large runed translucent door.
  2133 | D:3      | Noticed an ogre
  2142 | D:3      | Killed an ogre
  2143 | D:3      | Reached skill level 5 in Polearms
  2230 | D:3      | Found a hazy altar of Hepliaklqana.
  2302 | D:3      | Reached XP level 6. HP: 51/57 MP: 5/5
  2722 | D:3      | Found an ornate altar of the Wu Jian Council.
  2727 | D:3      | Found a glowing golden altar of the Shining One.
  2803 | D:3      | Killed Crazy Yiuf
  2852 | D:4      | Noticed Grinder
  2863 | D:4      | Killed Grinder
  2864 | D:4      | Reached skill level 4 in Armour
  2885 | D:4      | Reached *** piety under Trog
  2979 | D:4      | Found a staircase to the Ecumenical Temple.
  3088 | D:4      | Found a shimmering altar of Xom.
  3088 | D:4      | Found a stormy altar of Qazlal.
  3090 | D:4      | Found a basalt altar of Yredelemnul.
  3091 | D:4      | Found a sacrificial altar of Ru.
  3375 | D:5      | Entered Level 5 of the Dungeon
  3375 | D:5      | Noticed a sky beast
  3379 | D:5      | Reached XP level 7. HP: 64/64 MP: 6/6
  3462 | D:5      | Reached skill level 5 in Armour
  3656 | D:5      | Found Sanux's Armour Emporium.
  4242 | D:6      | Reached skill level 6 in Armour
  4242 | D:6      | Reached XP level 8. HP: 73/73 MP: 7/7
  4420 | D:6      | Found Cakhured's Armour Emporium.
  4428 | D:6      | Bought a +0 buckler for 58 gold pieces
  4525 | D:6      | Reached skill level 7 in Armour
  4678 | D:6      | Found a sparkling altar of Nemelex Xobeh.
  4678 | D:6      | Found an ancient bone altar of Kikubaaqudgha.
  4895 | D:6      | Found a snail-covered altar of Cheibriados.
  5118 | D:7      | Noticed Menkaure
  5510 | D:7      | Noticed a six-headed hydra
  5514 | D:6      | Reached skill level 8 in Armour
  6067 | D:7      | Reached XP level 9. HP: 81/81 MP: 8/8
  6089 | D:7      | Killed Menkaure
  6090 | D:7      | Reached skill level 9 in Armour
  6115 | D:7      | Paralysed by a hornet for 3 turns
  6124 | D:7      | Paralysed by a hornet for 3 turns
  6340 | D:7      | Reached **** piety under Trog
  6419 | D:7      | Killed a six-headed hydra
  6420 | D:7      | Reached skill level 5 in Staves
  6420 | D:7      | Reached skill level 10 in Armour
  6420 | D:7      | Reached skill level 1 in Shields
  6577 | D:7      | Gained mutation: You expend magic power (3 MP) to
                  | strengthen your wands. [potion of mutation]
  6577 | D:7      | Gained mutation: Your flesh is cold resistant. (rC+)
                  | [potion of mutation]
  7165 | D:7      | Reached skill level 11 in Armour
  8559 | D:9      | Reached XP level 10. HP: 90/90 MP: 9/9
  8645 | D:9      | Reached ***** piety under Trog
  9209 | D:9      | Identified the +0 buckler of Qazlal's Scorn {rElec rPois
                  | rF- rC+}
  9663 | D:9      | Reached skill level 12 in Armour
  9783 | D:9      | Found a runed translucent gate.
  9785 | D:9      | Noticed octoduck's ghost (journeyman SpEn)
  9785 | D:9      | Noticed an 11-headed hydra
  9787 | D:9      | Found a runed translucent gate.
  9787 | D:9      | Found a runed translucent gate.
 10113 | D:10     | Entered Level 10 of the Dungeon
 10349 | D:10     | Reached skill level 10 in Polearms
 10617 | D:10     | Noticed a two-headed ogre
 10627 | D:10     | Killed a two-headed ogre
 10888 | D:10     | Reached XP level 11. HP: 96/99 MP: 10/10
 11101 | D:10     | Reached skill level 10 in Fighting
 11512 | D:10     | Found an iron altar of Okawaru.
 11775 | D:11     | Received a gift from Trog
 11776 | D:11     | Reached skill level 13 in Armour
 12055 | D:11     | Found a frozen archway.
 12204 | D:11     | Found a staircase to the Orcish Mines.
 12296 | D:11     | Found Osmicadwa's Weapon Shoppe.
 12296 | D:11     | Noticed a boulder beetle
 14036 | D:11     | Killed a boulder beetle
 14185 | D:11     | Found a staircase to the Lair.
 14233 | Lair:1   | Entered Level 1 of the Lair of Beasts
 14722 | Lair:1   | Reached skill level 14 in Armour
 15905 | D:11     | Reached XP level 12. HP: 56/110 MP: 11/11
 16889 | Lair:2   | Reached skill level 15 in Armour
 17207 | Lair:2   | Noticed Nergalle
 17868 | Lair:2   | Noticed a boulder beetle
 17884 | Lair:2   | Killed a boulder beetle
 18317 | Lair:2   | Killed Nergalle
 18867 | Lair:3   | Reached skill level 10 in Staves
 18926 | Lair:2   | Reached XP level 13. HP: 43/122 MP: 12/12
 19333 | Lair:3   | Reached skill level 16 in Armour
 19922 | Lair:3   | Identified the +7 trident "Otteydd" {vorpal, rC++ Will+
                  | Str+3 Dex-4} (Trog gifted it to you on level 3 of the Lair
                  | of Beasts)
 19922 | Lair:3   | Received a gift from Trog
 20788 | Lair:3   | Found a hole to the Spider Nest.
 20967 | Lair:4   | Found a staircase to the Swamp.
 21405 | Lair:4   | Identified the +1 chain mail "Domigapp" {Str+3 Int+2 Dex+3}
 22387 | D:12     | You fall into a shaft and drop 2 floors!
 22742 | D:12     | Noticed Fannar
 22748 | D:12     | Killed Fannar
 23241 | D:12     | Reached skill level 17 in Armour
 24050 | D:14     | Noticed Rupert
 24059 | D:14     | Killed Rupert
 24110 | D:14     | Reached XP level 14. HP: 119/133 MP: 13/13
 24111 | D:14     | Reached ****** piety under Trog
 24111 | D:14     | Received a gift from Trog
 24521 | D:14     | Noticed Snorg
 24527 | D:14     | Killed Snorg
 24998 | D:14     | Identified the +0 tower shield of Atheism {rElec}
 24998 | D:14     | Noticed Louise
 25012 | D:14     | Killed Louise
 25396 | D:14     | Noticed an ironbound preserver
 25397 | D:14     | Found a gate to the Vaults.
 25408 | D:14     | Killed an ironbound preserver
 25766 | D:14     | Reached skill level 15 in Fighting
 26254 | D:15     | Entered Level 15 of the Dungeon
 26554 | D:15     | Found a portal to a secret trove of treasure.
 26892 | D:15     | Found a glowing golden altar of the Shining One.
 28024 | D:15     | Found a snail-covered altar of Cheibriados.
 28055 | D:15     | Found a staircase to the Depths.
 28680 | D:13     | Found Xuikyis's Book Boutique.
 28819 | D:13     | Noticed Sonja
 28837 | D:13     | Killed Sonja
 29368 | D:13     | Reached skill level 18 in Armour
 29777 | Orc:1    | Entered Level 1 of the Orcish Mines
 29777 | Orc:1    | Found Vuyhato's Weapon Shoppe.
 29784 | Orc:1    | Reached skill level 5 in Shields
 30009 | D:11     | Identified the +1 halberd of the Spinneret {flame, rC+
                  | SInv} (Trog gifted it to you on level 11 of the Dungeon)
 30009 | D:11     | Received a gift from Trog
 30611 | Orc:1    | Found an iron altar of Okawaru.
 30822 | Orc:2    | Entered Level 2 of the Orcish Mines
 31003 | Orc:2    | Found a radiant altar of Vehumet.
 31010 | Orc:2    | Noticed an orc warlord
 31042 | Orc:2    | Killed an orc warlord
 31303 | Orc:2    | Found a staircase to the Elven Halls.
 31943 | Orc:2    | Received a gift from Trog
 31979 | Orc:2    | Found a radiant altar of Vehumet.
 31992 | Orc:2    | Reached XP level 15. HP: 143/143 MP: 14/14
 32003 | Orc:2    | Found Qoanku's Antique Weapon Shop.
 32027 | Orc:2    | Found an ancient bone altar of Kikubaaqudgha.
 32468 | Orc:2    | Found Keze Ysa's Jewellery Shop.
 32482 | Orc:2    | Found Vamasch's Magic Scroll Boutique.
 32497 | Orc:2    | Bought a scroll of teleportation for 48 gold pieces
 32497 | Orc:2    | Bought a scroll of acquirement for 832 gold pieces
 32497 | Orc:2    | Bought a scroll of teleportation for 48 gold pieces
 32497 | Orc:2    | Bought a scroll of teleportation for 48 gold pieces
 32497 | Orc:2    | Bought 2 scrolls of identify for 64 gold pieces
 32497 | Orc:2    | Acquired 892 gold pieces
 32566 | Orc:2    | Found Wywak's Jewellery Shop.
 32573 | Orc:2    | Bought a +6 ring of strength for 760 gold pieces
 32791 | Orc:2    | Bought the amulet of Yshutirufa {rC- Regen+ Int+6} for 681
                  | gold pieces
 33422 | Swamp:1  | Entered Level 1 of the Swamp
 33624 | Swamp:1  | Identified Roxanne's Catalogue of Shape Shifting
 33624 | Swamp:1  | Noticed Roxanne
 34031 | Spider:1 | Entered Level 1 of the Spider Nest
 34088 | Spider:1 | Noticed Jorgrun
 34108 | Spider:1 | Killed Jorgrun
 34416 | Spider:1 | Reached skill level 1 in Throwing
 34592 | Spider:1 | Reached skill level 5 in Dodging
 34718 | Spider:1 | Noticed a ghost moth
 34722 | Spider:1 | Killed a ghost moth
 34835 | Spider:1 | Noticed a ghost moth
 34861 | Spider:1 | Killed a ghost moth
 35582 | Spider:1 | Found a runed translucent door.
 35583 | Spider:1 | Noticed Sobieck's ghost (adept DsGl)
 36276 | Spider:2 | Received a gift from Trog
 36505 | Spider:2 | Reached skill level 19 in Armour
 36702 | Spider:2 | Reached XP level 16. HP: 151/155 MP: 15/15
 37586 | Spider:3 | Noticed Arachne
 37748 | Spider:3 | Noticed Mara
 38188 | Spider:3 | Paralysed by a hornet for 2 turns
 38189 | Spider:3 | HP: 1/157 [Arachne (16)]
 38189 | Spider:3 | Slain by Arachne

Illustrated notes

Levels and vault maps discovered:
D:1:      heliophobic_arrival_ceremonial_halls, layout_loops_ring,
          dilly_ecumenical_altar_fadedgnrine
D:2:      layout_loops_ring, basic_altar, minmay_pentomino_pile
D:3:      layout_basic, amcnicky_altar_gilded, jmf_multi_god_temple2,
          hangedman_glass_teeth, minmay_door_square, uniq_ijyb,
          uniq_crazy_yiuf_cottage, uniq_terence
D:4:      layout_cave_pools, mainiacjoe_overflow_alcove_3,
          minmay_temple_entry_ruins, uniq_grinder
D:5:      layout_loops_ring, serial_shops, shop_statue
D:6:      layout_loops_ring, grunt_temple_overflow_open,
          mainiacjoe_overflow_six_doors_small, serial_shops, shop
D:7:      layout_loops_ring, uniq_menkaure
D:8:      layout_cave_pods
D:9:      layout_small_grid, gammafunk_ghost_hydra_chop
D:10:     layout_basic, kennysheep_little_box
D:11:     layout_long_grid, erik_lair_dragon, david_orc_3,
          portal_ice_cave_entry_ice_simulacra, serial_shops, shop,
          chequers_serial_rivers_room_b
D:12:     layout_basic, uniq_fannar
D:13:     wad_lake_hut, layout_rooms, gauntlet_entry_generic, serial_shops,
          nicolae_shop_waterfront, uniq_sonja
D:14:     layout_layer_cave, skrybe_vaults_entry_preservation, special_room
          [special_room_bee], serial_bayou_pond_e, serial_bayou_pond_c,
          uniq_rupert, uniq_snorg, uniq_louise
D:15:     hangedman_depths_entry_try_elsewhere_first, layout_basic,
          nicolae_tso_swordbearing_angel, trove_entry_hex_spiral,
          kennysheep_slug_shrine
Lair:1:   layout_gridlike, beast_lair_carwin_1, lemuel_fruit_tree
Lair:2:   layout_roguey, nzn_sisyphean_effort, uniq_nergalle
Lair:3:   layout_chaotic_city, nicolae_spider_entry_orb_guardian, serial_rivers,
          chequers_serial_rivers_micro_b, chequers_serial_rivers_micro_e,
          chequers_serial_rivers_micro_e, chequers_serial_rivers_small_b,
          chequers_serial_rivers_small_b, chequers_serial_rivers_micro_b,
          serial_bayou_shore_a
Lair:4:   layout_regular_city, swamp_mist_pool, serial_bayou,
          serial_bayou_lagoon_b, serial_bayou_lake_a, serial_bayou_pond_e,
          serial_bayou_ford_a
Swamp:1:  layout_falls_marsh, serial_swamp_ruin, hangedman_swamp_ruin_wall,
          evilmike_swamp_ruin_rubble_1, swamp_pool3, uniq_roxanne
Spider:1: layout_spider_delve, gammafunk_ghost_grave, uniq_jorgrun
Spider:2: nicolae_spider_jumping_over_cracks [nicolae_spider_jumping_sub_rim,
          nicolae_spider_jumping_sub_no_exit, nicolae_spider_jumping_sub_lanes,
          nicolae_spider_jumping_sub_plain], nicolae_spider_not_touching_you
Spider:3: layout_spider_delve, uniq_mara, uniq_arachne
Orc:1:    layout_caves, lightli_volcano_entry_magma_tube, serial_shops, shop,
          okawaru_metal_pillars_1_2
Orc:2:    kennysheep_orc_mage_school, layout_caves, basic_altar

Skill      XL: |  1  2  3  4  5  6  7  8  9 10 11 12 13 14 15 16 |
---------------+-------------------------------------------------+-----
Polearms       | 4 5 6 7 8 10 11 13 14 | 14.8
Fighting       | 4 5 6 7 8 9 11 13 14 15 17 | 17.8
Armour         | 3 4 6 8 11 12 14 15 17 18 19 | 19.1
Staves         | 1 2 3 4 5 7 9 10 11 12 13 | 13.1
Dodging        | 3 4 6 |  6.4
Shields        | 1 2 3 5 6 |  6.5
Throwing       | 1 2 |  2.0

Action                   |  1- 3 |  4- 6 |  7- 9 | 10-12 | 13-15 | 16-18 || total
-------------------------+-------+-------+-------+-------+-------+-------++-------
Melee: Spear             |    69 |   127 |   215 |   701 |    48 |       ||  1160
       Headbutt          |    17 |    18 |    46 |   173 |   262 |    31 ||   547
       Halberd           |       |       |    49 |    49 |       |       ||    98
       Trident           |       |       |       |       |  1100 |   103 ||  1203
Throw: Boomerang         |       |       |       |       |    13 |    10 ||    23
Invok: Berserk           |       |     4 |     9 |    18 |    53 |     4 ||    88
       Trog's Hand       |       |       |       |     1 |       |       ||     1
       Brothers in Arms  |       |       |       |       |     1 |       ||     1
  Use: Potion            |     2 |       |     3 |     4 |     8 |     3 ||    20
       Scroll            |     1 |       |     8 |    16 |    10 |     1 ||    36
 Stab: Distracted        |       |     1 |       |       |       |       ||     1
Armor: Animal skin       |     7 |       |       |       |       |       ||     7
       Plate armour      |       |    33 |   142 |   358 |    52 |       ||   585
       Scale mail        |       |     5 |       |       |       |       ||     5
       Chain mail        |       |       |       |       |   313 |       ||   313
       Swamp dragon scal |       |       |       |       |   249 |   119 ||   368
Dodge: Dodged            |    22 |    31 |    84 |   230 |   515 |   112 ||   994
       Repelled          |       |       |       |       |     4 |     3 ||     7
Block: Buckler           |       |       |    20 |    95 |   217 |    30 ||   362

Table legend: (Time is in decaauts)
 A = Elapsed time spent in this place.
 B = Non-inter-level travel time spent in this place.
 C = Inter-level travel time spent in this place.
 D = Time resting spent in this place.
 E = Time spent auto-exploring this place.
 F = Levels seen in this place.
 G = Mean time per level.
                   A        B        C        D        E       F      G
               +--------+--------+--------+--------+--------+-----+--------+
         Total |  38308 |  26654 |  11654 |  10140 |  11801 |  25 | 1532.3 |
       Dungeon |  23326 |  17259 |   6067 |   5801 |   9136 |  15 | 1555.1 |
          Lair |   7678 |   4561 |   3117 |   2246 |   1207 |   4 | 1919.5 |
         Swamp |    567 |    274 |    293 |    143 |      0 |   1 |  567.0 |
   Spider Nest |   4144 |   2530 |   1614 |    922 |    778 |   3 | 1381.3 |
  Orcish Mines |   2592 |   2030 |    562 |   1026 |    680 |   2 | 1296.0 |
               +--------+--------+--------+--------+--------+-----+--------+

Top non-repeatable levels by time:
    D:11: 3400 daAuts
    D:14: 2793 daAuts
  Lair:1: 2650 daAuts
    D:15: 2185 daAuts
Spider:2: 2163 daAuts
   Orc:2: 2107 daAuts
  Lair:2: 1945 daAuts
     D:8: 1935 daAuts
Spider:1: 1923 daAuts
  Lair:3: 1904 daAuts
     D:6: 1805 daAuts
    D:10: 1765 daAuts
     D:7: 1381 daAuts
    D:12: 1341 daAuts
    D:13: 1318 daAuts
